 Dungeon Crawl Stone Soup version 0.28.0-43-g3370ac3207 (webtiles) character file.

Game seed: 4384694369384884550

52 Peloso the Covered (level 3, -1/33 HPs)
             Began as a Minotaur Fighter on Mar 17, 2022.
             Slain by an orc
             ... wielding a +0 hand axe
              (4 damage)
             ... on level 3 of the Dungeon.
             The game lasted 00:01:56 (1547 turns).

Peloso the Covered (Minotaur Fighter)               Turns: 1547, Time: 00:01:56

Health: -1/33      AC:  7    Str: 17 (20) XL:     3   Next: 60%
Magic:  2/2        EV:  9    Int:  4 (5)  God:
Gold:   108        SH:  4    Dex: 10 (11) Spells: 2/2 levels left

rFire   . . .      SeeInvis .   a - +0 long sword
rCold   . . .      Faith    .   c - +0 buckler
rNeg    . . .      Spirit   .   b - +0 scale mail
rPois   .          Reflect  .   (helmet restricted)
rElec   .          Harm     .   (no cloak)
rCorr   .          Rampage  .   (no gloves)
Will    .....                   (no boots)
Stlth   ..........              (no amulet)
HPRegen 0.11/turn               (no ring)
MPRegen 0.08/turn               (no ring)

@: no status effects
A: horns 2, retaliatory headbutt
a: no special abilities


You were on level 3 of the Dungeon.
You visited 1 branch of the dungeon, and saw 3 of its levels.

You collected 108 gold pieces.

Inventory:

Hand Weapons
 a - a +0 long sword (weapon)
Armour
 b - a +0 scale mail (worn)
 c - a +0 buckler (worn)
Jewellery
 k - an amulet of magic regeneration
Scrolls
 f - a scroll of blinking
 i - a scroll of summoning {unknown}
 j - a scroll of noise {unknown}
 l - a scroll of amnesia {unknown}
Potions
 d - a potion of might


   Skills:
 + Level 4.3 Fighting
 + Level 2.8 Long Blades
 + Level 4.3 Armour
 + Level 4.2 Shields


You had 2 spell levels left.
You didn't know any spells.
Your spell library contained the following spells:

 Spells                   Type           Power      Damage    Failure   Level
 Leda's Liquefaction      Hex/Erth       0%         N/A       100%        4
 Lee's Rapid Deconstruct  Erth           0%         3d5*      100%        5
 Statue Form              Tmut/Erth      0%         N/A       100%        6


Dungeon Overview and Level Annotations

Branches:
Dungeon (3/15)

Altars:


Innate Abilities, Weirdness & Mutations

You have a pair of horns on your head.
You reflexively headbutt those who attack you in melee.


Message History

You climb downwards.
The orc shouts! x2; You hear a shout!
The goblin hits you with a +0 club. The orc completely misses you.
There is a stone staircase leading up here.
You block the goblin's attack.
The orc priest hits you with a +0 trident.
Unknown command.
You slash the orc priest!
The orc priest is heavily wounded.
The goblin hits you but does no damage.
A gnoll comes into view. It is wielding a +0 halberd.
You block the orc priest's attack.
You hit the orc priest.
The orc priest is severely wounded.
The goblin hits you but does no damage. The orc priest barely misses you.
The orc priest hits you with a +0 trident!
The goblin barely misses you.
You hit the orc priest but do no damage.
You headbutt the orc priest.
The orc priest is severely wounded.
You block the orc's attack. The goblin hits you with a +0 club.
The orc priest hits you with a +0 trident.
You block the hobgoblin's attack. The orc completely misses you.
You hit the orc priest.
The orc priest is almost dead.
You block the goblin's attack.
The gnoll hits you from afar with a +0 halberd.
* * * LOW HITPOINT WARNING * * *
The orc priest barely misses you.
The hobgoblin hits you but does no damage.
The orc barely misses you.
Okay, then.
You hit the orc priest. You headbutt the orc priest.
You kill the orc priest!
The goblin hits you with a +0 club.
* * * LOW HITPOINT WARNING * * *
The gnoll barely misses you. The hobgoblin closely misses you.
A gnoll comes into view. It is wielding a +0 spear.
The orc hits you with a +0 hand axe.
You die...

##### . ..
#.#.## #.#o)#
#..#..#@######
#....ogg......
####g?...##...
#..#.?.#
g..###....
###. ##..# #.
.... # #... ..


You could see 2 gnolls, 2 orcs, a hobgoblin and a goblin.

Vanquished Creatures
  An orc priest (D:3)
  2 worms (D:2)
  2 dart slugs (D:1)
  4 ball pythons
  2 bats (D:2)
  5 endoplasms
  3 giant cockroaches (D:2)
  2 goblins
  8 jackals
  A kobold (D:1)
  2 quokkas (D:1)
  A frilled lizard (D:1)
  4 rats
37 creatures vanquished.

Notes
Turn   | Place    | Note
-------+----------+-------------------------------------------
     0 | D:1      | Peloso the Minotaur Fighter began the quest for the Orb.
     0 | D:1      | Reached XP level 1. HP: 19/19 MP: 0/0
   136 | D:1      | Reached XP level 2. HP: 27/27 MP: 1/1
   734 | D:2      | Reached XP level 3. HP: 32/33 MP: 2/2
  1547 | D:3      | Slain by an orc

Illustrated notes

Levels and vault maps discovered:
D:1:      sevenhm_arrival_forest_fort_large_4, layout_rooms
D:2:      layout_loops_ring, nicolae_elevator_lobby_plus
D:3:      layout_rooms, nzn_wu_jian_contemplation,
          nicolae_ecumenical_snake_handling, chequers_serial_rivers_small_b,
          ebering_dispersal_statue_hall, grunt_ministairs_9,
          minmay_misc_feat_five

Skill      XL: |  1  2 |
---------------+-------+-----
Fighting       | 4 |  4.3
Armour         | 4 |  4.3
Shields        | 4 |  4.2
Long Blades    | |  2.8

Action                   || total
-------------------------++-------
Melee: Long sword        ||    78
       Headbutt          ||    15
  Use: Potion            ||     3
       Scroll            ||     2
Armor: Scale mail        ||    40
Dodge: Dodged            ||    47
Block: Buckler           ||    20
